 Dungeon Crawl Stone Soup version 0.27.0-1-g7a089689b8 (webtiles) character file.

Game seed: 12776023195561699661

21209 ABBCCCDDDD the Cleaver (level 12, -6/65 HPs)
             Began as a Vine Stalker Venom Mage on Aug 8, 2021.
             Was the Champion of Fedhas.
             Killed by drain life
             ... invoked by a soul eater
             ... summoned by an orc sorcerer
              (10 damage)
             ... while paralysed by an orc sorcerer
             ... on level 1 of the Orcish Mines.
             The game lasted 00:52:11 (16611 turns).

ABBCCCDDDD the Cleaver (Vine Stalker Venom Mage)   Turns: 16611, Time: 00:52:12

Health: -6/65      AC: 14    Str: 22    XL:     12   Next: 87%
Magic:  0/19       EV:  2    Int: 15    God:    Fedhas [******]
Gold:   1127       SH:  0    Dex: 16    Spells: 16/19 levels left

rFire    . . .     SeeInvis .   u - +1 war axe (flame)
rCold    . . .     Faith    +   (no shield)
rNeg     + . .     Spirit   +   A - +4 ring mail of the Immovable Knaves {Dex+2}
rPois    +         Reflect  .   s - +0 helmet
rElec    .         Harm     .   (no cloak)
rCorr    +         Rampage  .   o - +1 pair of gloves
Will     +....                  I - +0 pair of boots
Stlth    +++.......             C - amulet of faith
HPRegen  1.20/turn              m - ring "Rassi" {*Slow rN+ rCorr Str+5}
MPRegen  0.16/turn              J - ring of poison resistance

@: paralysed, marked
A: fangs 3, regeneration 1, magic shield, antimagic bite, no potion heal 2
a: Renounce Religion, Wall of Briars, Grow Ballistomycete, Overgrow, Grow Oklob


You were on level 1 of the Orcish Mines.
You worshipped Fedhas.
Fedhas was exalted by your worship.
You visited 3 branches of the dungeon, and saw 15 of its levels.
You also visited: Ossuary.

You collected 1176 gold pieces.
You spent 49 gold pieces at shops.

Inventory:

Hand Weapons
 a - a +2 long sword of protection
 u - a +1 war axe of flaming (weapon)
 w - a +5 dagger of venom
 x - a +2 war axe of holy wrath
 y - the +3 battleaxe "Ukkata" {vorpal, rPois rC++ MP+9 Dex-3}
   (You found it on level 5 of the Dungeon)

   It inflicts extra damage upon your enemies.
   Dex:       It affects your dexterity (-3).
   rC:        It greatly protects you from cold.
   rPois:     It protects you from poison.
   MP:        It affects your magic capacity (+9).
 L - a +2 battleaxe of freezing
Missiles
 z - a curare-tipped dart
 N - 6 throwing nets
Armour
 o - a +1 pair of gloves (worn)
 r - a +1 ring mail of cold resistance
 s - a +0 helmet (worn)
 A - the +4 ring mail of the Immovable Knaves (worn) {Dex+2}
   (You found it on level 5 of the Dungeon)

   Dex:       It affects your dexterity (+2).
 I - a +0 pair of boots (worn)
 O - a +2 leather armour of fire resistance
Jewellery
 l - a ring of resist corrosion
 m - the ring "Rassi" (left hand) {*Slow rN+ rCorr Str+5}
   (You took it off an orc warrior on level 5 of the Dungeon)

   [ring of resist corrosion]

   Str:       It affects your strength (+5).
   rN:        It protects you from negative energy.
   rCorr:     It protects you from acid and corrosion.
   *Slow:     It may slow you when you take damage.
 C - an amulet of faith (around neck)
 J - a ring of poison resistance (right hand)
Wands
 f - a wand of flame (4)
 v - a wand of paralysis (3)
 B - a wand of acid (7)
 T - a wand of mindburst (4)
Scrolls
 c - 2 scrolls of amnesia
 h - 7 scrolls of enchant weapon
 k - 2 scrolls of teleportation
 n - 3 scrolls of magic mapping
 p - 4 scrolls of blinking {unknown}
 q - a scroll of torment
 E - 3 scrolls of summoning {unknown}
 F - 2 scrolls of fog
 G - 3 scrolls of fear
 K - a scroll of holy word
 Q - 4 scrolls of immolation {unknown}
 S - a scroll of acquirement {unknown}
Potions
 b - a potion of berserk rage {unknown}
 d - a potion of flight
 e - 7 potions of mutation
 g - a potion of lignification
 i - 4 potions of haste
 j - 2 potions of resistance {unknown}
 t - 2 potions of brilliance {unknown}
 D - 3 potions of might {unknown}
 H - a potion of degeneration {unknown}
 M - 3 potions of attraction {unknown}
 P - 4 potions of curing
 R - a potion of cancellation {unknown}


   Skills:
 - Level 8.2 Fighting
 + Level 12.3 Axes
 + Level 5.0 Armour
 + Level 5.3 Dodging
 - Level 7.0 Stealth
 - Level 4.0 Spellcasting
 - Level 1.0 Transmutations
 - Level 1.0 Air Magic
 - Level 6.0 Poison Magic
 - Level 4.0 Invocations
 - Level 4.0 Evocations


You had 16 spell levels left.
You knew the following spells:

 Your Spells              Type           Power      Damage    Failure   Level
a - Sting                 Tmut/Pois      52%        1d5       7%          1
b - Poisonous Vapours     Pois/Air       26%        N/A       10%         2

Your spell library contained the following spells:

 Spells                   Type           Power      Damage    Failure   Level
 Olgreb's Toxic Radiance  Pois           21%        N/A       24%         4
 Wereblood                Tmut           6%         N/A       28%         2
 Mephitic Cloud           Conj/Pois/Air  10%        N/A       32%         3
 Sublimation of Blood     Necr           1%         N/A       38%         2
 Ozocubu's Armour         Ice            3%         N/A       63%         3
 Stone Arrow              Conj/Erth      6%         3d7       63%         3
 Animate Armour           Summ/Erth      6%         N/A       95%         4
 Metabolic Englaciation   Hex/Ice        1%         N/A       100%        5
 Simulacrum               Ice/Necr       1%         N/A       100%        6
 Summon Hydra             Summ           1%         N/A       100%        7
 Lehudib's Crystal Spear  Conj/Erth      1%         10d2      100%        8


Dungeon Overview and Level Annotations

Branches:
Dungeon (10/15)            Temple (0/1) D:4            Lair (3/6) D:8
  Snake (0/4) Lair:2          Orc (2/2) D:9             Elf (0/3) Orc:2
Ossuary (visited)
  Swamp: Lair:2-4    Shoals: Lair:2-4

Altars:
Cheibriados
Fedhas
Kikubaaqudgha
Makhleb
Okawaru
Vehumet
Wu Jian
Xom

Shops:
D:1 (   D:8 *   Orc:1 ?

Annotations:
D:5 2 runed translucent doors
D:7 exclusion: hydra
D:8 2 transporters, Suckerboh's ghost, novice DECj
Lair:2 exclusion: hydra


Innate Abilities, Weirdness & Mutations

You have razor-sharp teeth.
Your natural rate of healing is unusually fast.
When hurt, damage is shared between your health and your magic reserves.
Your bite disrupts and absorbs the magic of your enemies.
Potions cannot restore your health.


Message History

The orc warrior hits you from afar with a +0 glaive!
The orc warrior barely misses you.
An orc knight comes into view. It is wielding a +0 glaive.
You hit the orc sorcerer. You burn the orc sorcerer.
You bite the orc sorcerer, but do no damage.
The orc sorcerer is severely wounded.
You hit the soul eater. You burn the soul eater. The soul eater hits you!
The orc sorcerer misses you. The orc warrior closely misses you.
A warg comes into view.
You barely miss the orc sorcerer. You bite the orc sorcerer.
The orc sorcerer's magic leaks into the air.
You drain its magic.
You feel invigorated.
The orc sorcerer is severely wounded.
You hit the soul eater. You burn the soul eater.
The orc warrior hits you from afar with a +0 halberd!
An ogre comes into view. It is wielding a +0 giant club.
The soul eater hits you but does no damage.
The orc warrior hits you from afar with a +0 glaive!
You barely miss the orc sorcerer. Your bite misses the orc sorcerer.
The orc sorcerer is severely wounded.
You hit the soul eater but do no damage.
The orc warrior misses you.
The soul eater draws from the surrounding life force!
The soul eater is healed.
The orc sorcerer points at you and mumbles some strange words.
You suddenly lose the ability to move!
An orc comes into view. It is wielding a +0 flail.
The orc warrior hits you from afar with a +0 glaive!
* * * LOW HITPOINT WARNING * * *
The orc warrior barely misses you.
The soul eater hits you but does no damage.
The orc sorcerer hits you but does no damage.
The orc warrior hits you from afar with a +0 glaive!
* * * LOW HITPOINT WARNING * * *
The orc warrior hits you from afar with a +0 halberd!
* * * LOW HITPOINT WARNING * * *
An orc comes into view. It is wielding a +0 hand axe.
The soul eater draws from the surrounding life force!
You die...
Fedhas appreciates your contribution to the ecosystem.

.. ###...# ..## #..
..###..#.# ...###..
...#...### ...... #.....##
###### #....## ###..###
#....###.....# #......#
......##....####.
...#..###..#...##.h.......
..#.......# #..#..###.....
.###.....#####.o@## .##
..###......##..o3o##
.......##..#....ooo#
.#....##.......#.ooo...
###...###.#.#####O...##
##### ###..# #o..# ####
o...# #..... #.#..


You could see an orc knight, a soul eater (summoned), a warg, an orc sorcerer, 4
orc warriors, an ogre and 5 orcs.

Vanquished Creatures
  Harold (D:9)
  4 hydras
  Erica (D:9)
  An orc knight (Orc:2)
  A gargoyle (D:7)
  8 cane toads
  2 komodo dragons (Lair:1)
  A polar bear (Lair:1)
  A troll (Orc:2)
  9 blink frogs (Lair:2)
  3 wyverns
  22 yaks
  2 basilisks
  2 wargs (Orc:1)
  4 nagas
  5 water moccasins
  14 orc warriors
  4 black bears
  A hornet zombie (D:7)
  A sky beast (D:8)
  2 ice beasts
  9 ogres
  8 wolves (Lair:1)
  2 centaurs
  A phantom (D:4)
  2 kobold brigands
  4 bullfrogs
  A gnoll sergeant (D:9)
  3 scorpions
  A wyvern skeleton (D:5)
  A water moccasin skeleton (D:5)
  5 jellies
  9 wights
  2 howler monkeys (D:6)
  A crimson imp (D:4)
  5 centaur zombies
  5 hounds
  3 bullfrog zombies
  7 orc priests
  2 gnoll shamans
  4 iguanas
  Terence (D:3)
  10 orc wizards
  A hound skeleton (D:5)
  5 mummies (Ossuary)
  Robin (D:3)
  11 adders
  9 gnolls
  2 white imps
  An ufetubus (D:5)
  2 worms (D:2)
  2 adder skeletons (D:4)
  3 dart slugs
  40 orcs
  3 ball pythons (D:2)
  4 endoplasms
  2 giant cockroaches
  17 goblins
  12 hobgoblins
  5 jackals
  4 quokkas
  7 bats
  3 frilled lizards
  4 hobgoblin zombies (Ossuary)
  17 kobolds
  8 rats
338 creatures vanquished.

Vanquished Creatures (collateral kills)
  8 ballistomycete spores
8 creatures vanquished.

Vanquished Creatures (others)
  5 dream sheep (D:6)
  A human (D:3)
  18 fungi
  38 plants
62 creatures vanquished.

Grand Total: 408 creatures vanquished

Notes
Turn   | Place    | Note
-------+----------+-------------------------------------------
     0 | D:1      | ABBCCCDDDD the Vine Stalker Venom Mage began the quest for
                  | the Orb.
     0 | D:1      | Reached XP level 1. HP: 9/9 MP: 4/4
   148 | D:1      | Reached XP level 2. HP: 13/13 MP: 3/6
   309 | D:1      | Learned a level 2 spell: Poisonous Vapours
   583 | D:1      | Found Macvilo's Weapon Boutique.
  1452 | D:1      | Reached XP level 3. HP: 16/16 MP: 2/8
  2637 | D:1      | Gained mutation: Your natural rate of healing is unusually
                  | fast. [Vine Stalker growth]
  2637 | D:1      | Reached XP level 4. HP: 19/21 MP: 1/9
  3475 | D:3      | Found a blossoming altar of Fedhas.
  3593 | D:3      | Became a worshipper of Fedhas Madash
  3600 | D:3      | Found a faded altar of an unknown god.
  3824 | D:3      | Noticed Terence
  4226 | D:3      | Found an ancient bone altar of Kikubaaqudgha.
  4227 | D:3      | Noticed a human
  4229 | D:3      | Killed a human
  4583 | D:3      | Reached skill level 1 in Invocations
  4647 | D:3      | Killed Terence
  4648 | D:3      | Reached XP level 5. HP: 24/24 MP: 2/10
  5204 | D:4      | Noticed an ice beast
  5264 | D:4      | Noticed an ogre
  5334 | D:4      | Found a staircase to the Ecumenical Temple.
  5632 | D:4      | Reached skill level 5 in Stealth
  5694 | D:4      | Reached skill level 1 in Fighting
  5694 | D:4      | Reached skill level 1 in Air Magic
  5694 | D:4      | Reached XP level 6. HP: 20/30 MP: 7/11
  5855 | D:4      | Noticed Robin
  5882 | D:4      | Reached * piety under Fedhas
  6028 | D:3      | Killed Robin
  6238 | D:4      | Found a snail-covered altar of Cheibriados.
  6240 | D:4      | Found an ornate altar of the Wu Jian Council.
  6486 | D:4      | Found a radiant altar of Vehumet.
  6487 | D:4      | Found a burning altar of Makhleb.
  6682 | D:4      | Killed an ice beast
  6683 | D:4      | Reached XP level 7. HP: 34/34 MP: 13/13
  6696 | D:5      | Entered Level 5 of the Dungeon
  6708 | D:5      | Reached skill level 1 in Axes
  6782 | D:5      | Found a large runed translucent door.
  6782 | D:5      | Found a large runed translucent door.
  6814 | D:5      | Found a large runed translucent door.
  6815 | D:5      | Found a large runed translucent door.
  6820 | D:5      | Noticed a wyvern
  7534 | D:5      | Noticed a yak
  7542 | D:5      | Killed a yak
  7543 | D:5      | Reached skill level 2 in Axes
  7543 | D:5      | Reached skill level 5 in Poison Magic
  7543 | D:5      | Gained mutation: You have razor-sharp teeth. [Vine Stalker
                  | growth]
  7543 | D:5      | Reached XP level 8. HP: 38/39 MP: 15/15
  7547 | D:5      | Identified the +3 battleaxe "Ukkata" {vorpal, rPois rC++
                  | MP+9 Dex-3}
  7591 | D:5      | Reached ** piety under Fedhas
  7892 | D:5      | Identified the ring "Rassi" {*Slow rN+ rCorr Str+5}
  8131 | D:5      | Reached skill level 3 in Axes
  8379 | D:5      | Killed a wyvern
  8387 | D:5      | Reached XP level 9. HP: 45/45 MP: 16/16
  8410 | D:5      | Identified the +4 ring mail of the Immovable Knaves {Dex+2}
  8559 | D:5      | Reached skill level 4 in Axes
  8662 | D:6      | Found a shimmering altar of Xom.
  8742 | D:6      | Reached skill level 1 in Evocations
  8856 | D:6      | Found a sand-covered staircase.
  8870 | Ossuary  | Entered an ossuary
  8881 | Ossuary  | Reached skill level 5 in Fighting
  9122 | D:6      | Reached skill level 5 in Axes
  9170 | D:6      | Found an iron altar of Okawaru.
  9242 | D:6      | Reached *** piety under Fedhas
  9469 | D:7      | Noticed a seven-headed hydra
  9736 | D:7      | Reached XP level 10. HP: 53/53 MP: 17/17
  9744 | D:7      | Reached skill level 6 in Axes
  9776 | D:7      | Noticed a gargoyle
  9791 | D:7      | Killed a gargoyle
 10202 | D:8      | Found Cijuh's Island Escapes.
 10338 | D:8      | Found a transporter.
 10343 | D:8      | Found a transporter.
 10344 | D:8      | Noticed Suckerboh's ghost (novice DECj)
 10389 | D:8      | Reached **** piety under Fedhas
 10452 | D:8      | Reached skill level 7 in Axes
 10525 | D:8      | Found a staircase to the Lair.
 11102 | D:9      | Found a staircase to the Orcish Mines.
 11129 | D:9      | Reached skill level 8 in Axes
 11725 | D:9      | Reached ***** piety under Fedhas
 12162 | D:10     | Entered Level 10 of the Dungeon
 12194 | D:10     | Noticed a two-headed ogre
 12256 | Lair:1   | Entered Level 1 of the Lair of Beasts
 12319 | Lair:1   | Noticed a cane toad
 12325 | Lair:1   | Killed a cane toad
 12326 | Lair:1   | Reached skill level 9 in Axes
 12326 | Lair:1   | Reached XP level 11. HP: 55/59 MP: 15/18
 12516 | Lair:1   | Noticed a six-headed hydra
 12525 | Lair:1   | Killed a three-headed hydra
 13022 | Lair:1   | Reached skill level 10 in Axes
 13139 | Lair:1   | Reached skill level 1 in Armour
 13459 | Lair:2   | Noticed a six-headed hydra
 13480 | Lair:2   | Noticed a four-headed hydra
 14288 | Lair:2   | Reached skill level 11 in Axes
 14288 | Lair:2   | Reached XP level 12. HP: 52/65 MP: 13/19
 14403 | Lair:2   | Killed a four-headed hydra
 14663 | Lair:2   | Noticed a six-headed hydra
 14998 | Lair:2   | Reached ****** piety under Fedhas
 15129 | Lair:2   | Killed a six-headed hydra
 15235 | Lair:2   | Killed a six-headed hydra
 15562 | Lair:2   | Found a staircase to the Snake Pit.
 15673 | Lair:2   | Noticed a death yak
 15694 | Lair:2   | Noticed a catoblepas
 15811 | D:9      | Noticed Harold
 15842 | D:9      | Killed Harold
 15865 | Orc:1    | Entered Level 1 of the Orcish Mines
 15881 | Orc:1    | Noticed Erica
 15896 | D:9      | Reached skill level 12 in Axes
 15912 | D:9      | Killed Erica
 15913 | D:9      | Reached skill level 5 in Dodging
 15985 | Orc:2    | Entered Level 2 of the Orcish Mines
 16161 | Orc:2    | Found a staircase to the Elven Halls.
 16478 | Orc:1    | Found Omadyu's Magic Scroll Shoppe.
 16487 | Orc:1    | Reached skill level 5 in Armour
 16511 | Orc:1    | Bought a scroll of fear for 49 gold pieces
 16605 | Orc:1    | Noticed a soul eater
 16609 | Orc:1    | Paralysed by an orc sorcerer for 6 turns
 16611 | Orc:1    | Killed from afar by a soul eater

Illustrated notes

Levels and vault maps discovered:
D:1:      minmay_arrival_radiant_lines, layout_loops_ring, serial_shops, shop
D:2:      layout_basic
D:3:      minmay_recursive_quarters, layout_rooms, tgw_kikubaaqudgha,
          fedhas_altar_1, shapermc_ecumenical_altar_starsandcircs,
          serial_forest, infiniplex_forest_lined_room_2,
          infiniplex_forest_lined_3_way, infiniplex_forest_lined_corner,
          infiniplex_forest_clump_diagonal, infiniplex_forest_corner_2,
          infiniplex_forest_lined_ring, infiniplex_forest_lined_2,
          infiniplex_forest_lined_3, uniq_terence
D:4:      layout_rooms, grunt_temple_overflow_lords_of_destruction,
          chequers_temple_overflow_statue_of_worship,
          minmay_temple_entry_gardened_gates, minmay_box_of_dots, uniq_robin
D:5:      layout_gridville, minmay_door_square, chequers_serial_rivers_large_a,
          grunt_decor_cap, minmay_hollow_rounded_squares
D:6:      corexii_shack_village, layout_rooms, okawaru_gym_becter,
          kb_xom_exploding_sheep, nicolae_ossuary_entry_monument,
          kennysheep_generic_room_9
D:7:      layout_loops_ring, dk_noncrumbling_3, minmay_misc_feat_nine_boxes,
          hangedman_minor_gate_pass
D:8:      layout_basic, grunt_lair_entry_orc_guard_hut, gammafunk_ghost_hive,
          nicolae_island_escapes
D:9:      layout_irregular_city, orc_david_3, hex_medium, uniq_harold
D:10:     minmay_the_grid_octo_triangle [minmay_the_grid_octo_fat_diamond,
          minmay_the_grid_octo_prize_single_spiral,
          minmay_the_grid_octo_checkerflower], layout_rooms, grunt_ministairs_9,
          lightli_corner_chamber
Lair:1:   layout_regular_city
Lair:2:   layout_regular_city, minmay_snake_entry_guardpost_large,
          hellmonk_guarded_unrand_seven_league_boots, grunt_megastairs_1,
          infiniplex_staircase_pool_2, lemuel_fruit_tree, serial_bayou_shore_b
Lair:3:   layout_roguey, palyth_hydra_swamp_entry, beast_lair_carwin_10,
          serial_bayou_shore_b, uniq_sonja
Orc:1:    layout_diamond_mine, serial_shops, nicolae_shop_trees, uniq_erica
Orc:2:    st_orc_elflike, layout_caves, library_closet, nicolae_orc_lost_temple

Skill      XL: |  1  2  3  4  5  6  7  8  9 10 11 12 |
---------------+-------------------------------------+-----
Stealth        | 3 4 5 7 |  7.0
Spellcasting   | 3 4 |  4.0
Poison Magic   | 4 5 6 |  6.0
Invocations    | 1 2 3 4 |  4.0
Fighting       | 1 2 4 5 7 8 |  8.2
Air Magic      | 1 |  1.0
Axes           | 2 3 5 9 11 12 | 12.3
Evocations     | 3 4 |  4.0
Dodging        | 3 5 |  5.3
Armour         | 3 5 |  5.0
Transmutations | |  1.0

Action                   |  1- 3 |  4- 6 |  7- 9 | 10-12 || total
-------------------------+-------+-------+-------+-------++-------
Melee: Club              |     3 |       |       |       ||     3
       Bite              |     9 |    25 |    70 |   265 ||   369
       Dagger            |    23 |    21 |   190 |   488 ||   722
       Falchion          |       |    60 |       |       ||    60
       War axe           |       |    44 |    45 |   116 ||   205
       Battleaxe         |       |       |     1 |    23 ||    24
 Cast: Sting             |    12 |    24 |       |     1 ||    37
       Poisonous Vapours |    72 |    79 |    25 |    20 ||   196
Invok: Grow Ballistomyce |       |       |       |     2 ||     2
Evoke: Wand              |       |       |     3 |    20 ||    23
  Use: Scroll            |       |     1 |       |    13 ||    14
       Potion            |       |       |       |     1 ||     1
 Stab: Sleeping          |     1 |     1 |     8 |    17 ||    27
       Distracted        |       |       |     1 |       ||     1
       Paralysed         |       |       |     4 |     6 ||    10
       Confused          |       |       |       |     1 ||     1
Armor: Robe              |    10 |     6 |       |       ||    16
       Ring mail         |       |    58 |   112 |   248 ||   418
Dodge: Dodged            |    18 |   108 |   124 |   349 ||   599
       Rpst.: Falchion   |       |    12 |       |       ||    12
